 Dungeon Crawl Stone Soup version 0.29-a0-824-gd827844252 (webtiles) character file.

Game seed: 12536413269419597542

100 kevlar127 the Ruffian (level 4, -4/45 HPs)
             Began as a Troll Berserker on July 9, 2022.
             Was a Believer of Trog.
             Killed from afar by an orc wizard (8 damage)
             ... with a puff of flame
             ... on level 3 of the Dungeon.
             The game lasted 00:03:07 (1615 turns).

kevlar127 the Ruffian (Troll Berserker)             Turns: 1615, Time: 00:03:07

Health: -4/45      AC:  4    Str: 27    XL:     4   Next: 47%
Magic:  3/3        EV: 10    Int:  3    God:    Trog [**....]
Gold:   89         SH:  5    Dex:  9    Spells: 3/3 levels left

rFire   . . .      SeeInvis .     - Unarmed
rCold   . . .      Faith    .   (no shield)
rNeg    . . .      Spirit   .   a - +0 animal skin
rPois   .          Reflect  +   (helmet restricted)
rElec   .          Harm     .   (no cloak)
rCorr   .          Rampage  .   (gloves unavailable)
Will    .....                   (boots unavailable)
Stlth   +.........              j - amulet of reflection
HPRegen 0.95/turn               (no ring)
MPRegen 0.08/turn               (no ring)

@: no status effects
A: large, unfitting armour, claws 3, regeneration 1, shaggy fur 1, tough skin 1
a: Renounce Religion, Berserk, Trog's Hand


You were on level 3 of the Dungeon.
You worshipped Trog.
Trog was pleased with you.
You visited 1 branch of the dungeon, and saw 3 of its levels.

You collected 89 gold pieces.

Inventory:

Missiles
 c - 25 stones (quivered)
Armour
 a - a +0 animal skin (worn)
 p - a +0 kite shield
Jewellery
 j - an amulet of reflection (around neck)
Scrolls
 f - a scroll of blinking {unknown}
 h - a scroll of noise {unknown}
 i - 3 scrolls of identify {unknown}
 l - a scroll of immolation {unknown}
 m - a scroll of magic mapping {unknown}
 n - 3 scrolls of fear {unknown}
 q - a scroll of summoning {unknown}
Potions
 b - 2 potions of flight {unknown}
 d - 3 potions of might {unknown}
 e - a potion of curing {unknown}
 g - a potion of lignification {unknown}
 k - a potion of haste {unknown}
 o - a potion of ambrosia {unknown}


   Skills:
 + Level 3.5 Fighting
 - Level 2.4 Dodging
 + Level 4.3 Unarmed Combat


You had 3 spell levels left.
You didn't know any spells.
Your spell library was empty.

Dungeon Overview and Level Annotations

Branches:
Dungeon (3/15)

Altars:
Nemelex Xobeh


Innate Abilities, Weirdness & Mutations

You are too large for most types of armour.
You have claws for hands.
Your natural rate of healing is unusually fast.
You are covered in fur. (AC +1)
You have tough skin. (AC +1)


Message History

Deactivating autopickup; reactivate with Ctrl-A.
Unknown command.
Something hits you.
Things that are here:
a +0 dagger; a +0 robe; an orc corpse You miss something.
Something hits you but does no damage.
You closely miss something. Something hits you.
You barely miss something. Something hits you but does no damage.
You miss something. You block something's attack.
You closely miss something. Your claw misses something. Something hits you.
You miss something. Something hits you.
Unknown command.
You miss something.
You hear some strange, mumbled words.
A magic dart appears from out of thin air!
The magic dart hits you!
* * * LOW HITPOINT WARNING * * *
You closely miss something. Something hits you.
* * * LOW HITPOINT WARNING * * *
You barely miss something. You closely miss something. Something hits you.
* * * LOW HITPOINT WARNING * * *
Unknown command.
You scratch something. Something hits you.
* * * LOW HITPOINT WARNING * * *
You closely miss something. Something completely misses you.
You scratch something.
An orc wizard appears from thin air!
Reactivating autopickup.
The orc wizard misses you.
Unknown command.
You completely miss the orc wizard.
The orc wizard is severely wounded.
The orc wizard casts a spell at you. The puff of flame hits you.
* * * LOW HITPOINT WARNING * * *
You barely miss the orc wizard.
The orc wizard is severely wounded.
The orc wizard casts a spell at you. The puff of flame hits you!
You die...

#.........)..# #.#.#.#
#....####...## #.#.#.#
#....# #...# #.#.#.##
#>...####...####.#.#...
#.##..................#..#
......(.####.............#
........†.##.#..........##
#.####..#o##............#
# #...@..#######.###.#
#...#).# #.# #.#
.......###...# #.# #..
.##..... ....# #.# #.##
........ ..... #.# .##.#..
..### ...... #.# (##.#.#
.# .#.


You could see an orc wizard.

Vanquished Creatures
  An orc wizard (D:3)
  An adder (D:3)
  A gnoll (D:1)
  A worm (D:2)
  2 dart slugs (D:1)
  3 orcs (D:3)
  A ball python (D:1)
  4 endoplasms
  5 goblins
  8 hobgoblins
  2 jackals (D:2)
  A quokka (D:1)
  4 bats
  3 frilled lizards (D:1)
  4 kobolds
  A rat (D:1)
42 creatures vanquished.

Notes
Turn   | Place    | Note
-------+----------+-------------------------------------------
     0 | D:1      | kevlar127 the Troll Berserker began the quest for the Orb.
     0 | D:1      | Reached XP level 1. HP: 22/22 MP: 0/0
    37 | D:1      | Reached XP level 2. HP: 21/29 MP: 1/1
   359 | D:1      | Reached XP level 3. HP: 36/37 MP: 2/2
   569 | D:1      | Found a faded altar of an unknown god.
  1107 | D:2      | Reached ** piety under Trog
  1556 | D:3      | Found a sparkling altar of Nemelex Xobeh.
  1562 | D:3      | Reached skill level 4 in Unarmed Combat
  1578 | D:3      | Reached XP level 4. HP: 42/45 MP: 3/3
  1615 | D:3      | Killed from afar by an orc wizard

Illustrated notes

Levels and vault maps discovered:
D:1:      psy_arrival_fountain, layout_loops_ring,
          ebering_ecumenical_altar_abandoned
D:2:      layout_basic, chequers_serial_rivers_room_a, hangedman_decor_growths,
          minmay_tree_intersection, kennysheep_nondescript, hex_intersection
D:3:      minmay_thinvault, layout_loops_ring, general_overflow_altar,
          mainiacjoe_overflow_concentric_impassable, pf_guarded_unrand_delatra

Skill      XL: |  1  2  3 |
---------------+----------+-----
Fighting       | 3 |  3.5
Unarmed Combat | 4 |  4.3
Dodging        | |  2.4

Action                   |  1- 3 |  4- 6 || total
-------------------------+-------+-------++-------
Melee: Unarmed           |    86 |    29 ||   115
 Stab: Sleeping          |     1 |       ||     1
Armor: Animal skin       |    28 |    10 ||    38
Dodge: Dodged            |    36 |     6 ||    42
Block: Other             |     3 |     1 ||     4

Table legend: (Time is in decaauts)
 A = Elapsed time spent in this place.
 B = Non-inter-level travel time spent in this place.
 C = Inter-level travel time spent in this place.
 D = Time resting spent in this place.
 E = Time spent auto-exploring this place.
 F = Levels seen in this place.
 G = Mean time per level.
                   A        B        C        D        E       F      G
               +--------+--------+--------+--------+--------+-----+--------+
         Total |   1605 |   1477 |    128 |      0 |   1206 |   3 |  535.0 |
       Dungeon |   1605 |   1477 |    128 |      0 |   1206 |   3 |  535.0 |
               +--------+--------+--------+--------+--------+-----+--------+

Top non-repeatable levels by time:
     D:2: 776 daAuts
     D:1: 710 daAuts
     D:3: 119 daAuts
